 Dungeon Crawl Stone Soup version 0.25-a0-565-g8875c97ebb (webtiles) character file.

Game seed: 5479410197884730010, levelgen mode: deterministic

2540 Flugslaktarn the Fighter (level 9, -9/83 HPs)
             Began as a Minotaur Fighter on Feb 26, 2020.
             Was a Follower of Makhleb.
             Mangled by a meliai
             ... wielding a +0 war axe
              (16 damage)
             ... on level 9 of the Dungeon.
             The game lasted 00:03:02 (6947 turns).

Flugslaktarn the Fighter (Minotaur Fighter)         Turns: 6947, Time: 00:03:03

Health: -9/83      AC: 11    Str: 24    XL:     9   Next: 30%
Magic:  9/9        EV:  6    Int:  5    God:    Makhleb [*.....]
Gold:   192        SH: 11    Dex: 10    Spells: 8/8 levels left

rFire    . . .     SeeInvis .   a - +0 war axe
rCold    . . .     Gourm    .   c - +0 kite shield
rNeg     . . .     Faith    .   f - +0 chain mail
rPois    .         Spirit   .   (helmet restricted)
rElec    .         Reflect  .   (no cloak)
rCorr    .         Harm     .   b - +0 pair of gloves
MR       +....                  (no boots)
Stlth    ..........             (no amulet)
HPRegen  0.23/turn              m - ring of protection from magic
MPRegen  0.11/turn              (no ring)

@: lethally poisoned (-9 -> -22), hasted, very quick
A: retaliatory headbutt, horns 2
a: Renounce Religion


You were on level 9 of the Dungeon.
You worshipped Makhleb.
Makhleb was aware of your devotion.
You were hungry.

You visited 2 branches of the dungeon, and saw 10 of its levels.

You collected 192 gold pieces.

Inventory:

Hand Weapons
 a - a +0 war axe (weapon)
Missiles
 i - a throwing net (quivered)
Armour
 b - a +0 pair of gloves (worn)
   (You found it on level 5 of the Dungeon)
 c - a +0 kite shield (worn)
 f - a +0 chain mail (worn)
   (You found it on level 5 of the Dungeon)
Jewellery
 j - an uncursed ring of see invisible {unknown}
   (You found it on level 9 of the Dungeon)
 m - a ring of protection from magic (left hand)
   (You found it on level 6 of the Dungeon)
Wands
 k - a wand of clouds (6)
   (You found it on level 8 of the Dungeon)
 v - a wand of digging (3)
   (You found it on level 6 of the Dungeon)
Scrolls
 g - a scroll of magic mapping
 l - a scroll of enchant weapon
 n - 8 scrolls of remove curse
 o - a scroll of enchant armour {unknown}
 t - 2 scrolls of teleportation
Potions
 d - 2 potions of might
 q - a potion of curing
 u - a potion of brilliance
Comestibles
 e - 9 rations


   Skills:
 * Level 9.3 Fighting
 * Level 8.8 Axes
 + Level 7.0 Armour
 + Level 7.0 Shields
 + Level 2.6 Invocations


You had 8 spell levels left.
You didn't know any spells.
Your spell library was empty.

Dungeon Overview and Level Annotations

Branches:
Dungeon (9/15)             Temple (1/1) D:7
   Lair: D:8-11         Orc: D:9-12

Altars:
Cheibriados
Dithmenos
Elyvilon
Fedhas
Gozag
Hepliaklqana
Kikubaaqudgha
Makhleb
Nemelex Xobeh
Okawaru
Qazlal
Ru
Sif Muna
Trog
Uskayaw
Vehumet
Wu Jian
Xom
Yredelemnul

Annotations:
D:6 1 runed translucent door, Flugslaktarn's ghost, novice DDFi
D:8 3 runed translucent doors, Cerrion's ghost, novice HOFi


Innate Abilities, Weirdness & Mutations

You reflexively headbutt those who attack you in melee.
You have a pair of horns on your head.


Message History

You are too injured to fight recklessly!
You are too injured to fight recklessly!
You are too injured to fight recklessly!
You feel much better. The meliai hits you but does no damage.
The meliai stings you but does no damage.
The meliai hits you with a +0 war axe! You block the meliai's attack.
The meliai calls down the wrath of its god upon you.
Something smites you!
* * * LOW HITPOINT WARNING * * *
The meliai hits you with a +0 war axe.
* * * LOW HITPOINT WARNING * * *
The meliai stings you.
* * * LOW HITPOINT WARNING * * *
You are lethally poisoned!
The meliai poisons you!
You feel yourself speed up.
You are feeling hungry.
* * * LOW HITPOINT WARNING * * *
You feel sick. The meliai hits you with a +0 war axe!
You die...

...............###...
.......<.......# ..
...............###..
.%...........†......
....................
.###........y†......
#................
#.......yy.......
......###@.......
...... #.)......
.....###.)......
........)......
...............
...............
...............
...............
...............


You could see 3 meliai.

Vanquished Creatures
  A hippogriff (D:8)
  Edmund (D:6)
  Duvessa (D:6)
  2 orc warriors (D:8)
  An ice beast (D:5)
  A phantom (D:8)
  3 ogres
  2 centaurs
  A bullfrog (D:8)
  Dowan (D:6)
  5 scorpions
  6 killer bees
  A crimson imp (D:5)
  A quasit (D:5)
  A bullfrog zombie (D:5)
  A hound (D:9)
  A bullfrog skeleton (D:4)
  An orc priest (D:4)
  2 iguanas
  6 orc wizards
  4 worker ants
  A hound skeleton (D:7)
  2 worker ant zombies
  10 gnolls
  6 adders
  An adder skeleton (D:4)
  An adder zombie (D:8)
  A dart slug (D:1)
  5 leopard geckos
  16 orcs
  A giant cockroach (D:4)
  3 goblins
  10 jackals
  3 kobolds
  3 quokkas
  3 frilled lizards
  A jackal skeleton (D:4)
  2 rats (D:1)
112 creatures vanquished.

Notes
Turn   | Place    | Note
-------+----------+-------------------------------------------
     0 | D:1      | Flugslaktarn the Minotaur Fighter began the quest for the
                  | Orb.
     0 | D:1      | Reached XP level 1. HP: 19/19 MP: 0/0
    86 | D:1      | Reached XP level 2. HP: 27/27 MP: 1/1
   123 | D:2      | Reached skill level 4 in Fighting
   167 | D:3      | Reached XP level 3. HP: 16/33 MP: 2/2
   603 | D:4      | Found a blossoming altar of Fedhas.
   678 | D:4      | Reached XP level 4. HP: 11/41 MP: 3/3
   680 | D:4      | HP: 2/41 [gnoll/+0 spear (3)]
  1005 | D:4      | Reached skill level 5 in Fighting
  1005 | D:4      | Reached XP level 5. HP: 38/48 MP: 4/4
  1351 | D:4      | Reached XP level 6. HP: 27/56 MP: 5/5
  1587 | D:4      | Reached skill level 5 in Axes
  1873 | D:5      | Entered Level 5 of the Dungeon
  1896 | D:5      | Noticed an ice beast
  1902 | D:5      | Killed an ice beast
  1902 | D:5      | Reached skill level 6 in Fighting
  1902 | D:5      | Reached skill level 5 in Shields
  2124 | D:5      | Reached skill level 5 in Armour
  2128 | D:5      | Reached XP level 7. HP: 22/63 MP: 6/6
  2971 | D:6      | Noticed Edmund
  2987 | D:6      | Killed Edmund
  2987 | D:6      | Reached skill level 7 in Fighting
  3657 | D:6      | Noticed Duvessa
  3658 | D:6      | Noticed Dowan
  3663 | D:6      | Killed Duvessa
  3663 | D:6      | Reached XP level 8. HP: 67/73 MP: 7/7
  3671 | D:6      | Killed Dowan
  3793 | D:6      | Found a runed translucent door.
  3793 | D:6      | Noticed Flugslaktarn's ghost (novice DDFi)
  4094 | D:7      | Found a shadowy altar of Dithmenos.
  4412 | D:7      | Found a staircase to the Ecumenical Temple.
  4587 | Temple   | Entered the Ecumenical Temple
  4808 | Temple   | Became a worshipper of Makhleb the Destroyer
  5038 | D:8      | Reached skill level 8 in Fighting
  5044 | D:8      | Found a runed translucent gate.
  5044 | D:8      | Found a runed translucent gate.
  5044 | D:8      | Found a runed translucent gate.
  5068 | D:8      | Noticed a hippogriff
  5312 | D:8      | Killed a hippogriff
  5312 | D:8      | Reached skill level 1 in Invocations
  6129 | D:8      | Reached XP level 9. HP: 52/82 MP: 9/9
  6203 | D:8      | Reached skill level 9 in Fighting
  6207 | D:8      | HP: 4/83 [poisoned by a killer bee]
  6208 | D:8      | Reached * piety under Makhleb
  6547 | D:8      | Noticed Cerrion's ghost (novice HOFi)
  6941 | D:9      | Noticed a meliai
  6942 | D:9      | Noticed a meliai
  6944 | D:9      | Noticed a meliai
  6947 | D:9      | Mangled by a meliai

Levels and vault maps discovered:
D:1:      shiori_shiawase, layout_loops_cross
D:2:      layout_basic, chequers_temple_overflow_statue_of_worship
D:3:      layout_basic, chequers_ecumenical_altar_island, uniq_ijyb
D:4:      layout_basic, first_ration, fedhas_ov_isle_minmay
D:5:      layout_loops_ring
D:6:      layout_layer_cave, gammafunk_ghost_grave, uniq_duvessa, uniq_edmund
D:7:      layout_gridville, grunt_dithmenos_smoke_and_mirrors,
          minmay_temple_entry_crystal_x
D:8:      layout_cave_pools, gammafunk_ghost_icy
D:9:      layout_big_octagon, david_orc_4, serial_shops, shop
Temple:   dpeg_five_rooms_temple

Skill      XL: |  1  2  3  4  5  6  7  8  9 |
---------------+----------------------------+-----
Fighting       | 4 5 6 7 8 9 |  9.3
Axes           | 3 4 5 6 8 |  8.8
Armour         | 4 5 6 7 |  7.0
Shields        | 4 5 6 7 |  7.0
Invocations    | 2 |  2.6

Action                   |  1- 3 |  4- 6 |  7- 9 || total
-------------------------+-------+-------+-------++-------
Melee: War axe           |    40 |    78 |   239 ||   357
       Headbutt          |     3 |    15 |    48 ||    66
  Use: Scroll            |       |       |    11 ||    11
       Potion            |       |       |     3 ||     3
  Eat: Chunk             |       |     4 |     8 ||    12
       Ration            |       |       |     2 ||     2
Armor: Scale mail        |    15 |    26 |    20 ||    61
       Chain mail        |       |       |   123 ||   123
Dodge: Dodged            |    19 |    15 |    77 ||   111
Block: Kite shield       |    26 |    45 |   165 ||   236

Table legend:
 A = Non-vault XP
 B = Vault XP
 C = Vault XP percentage of total XP
 D = Non-vault monster count
 E = Vault monster count
 F = Vault count percentage of total count
                 A         B        C        D         E       F
            +---------+---------+-------+---------+---------+-------
      Total |    3241 |     388 |  10.7 |     109 |       3 |   2.7
            +---------+---------+-------+---------+---------+-------
        D:1 |      16 |       0 |   0.0 |       8 |       0 |   0.0
        D:2 |      32 |       0 |   0.0 |       5 |       0 |   0.0
        D:3 |      46 |       0 |   0.0 |       5 |       0 |   0.0
        D:4 |     385 |       0 |   0.0 |      19 |       0 |   0.0
        D:5 |     588 |       0 |   0.0 |      16 |       0 |   0.0
        D:6 |     133 |     388 |  74.5 |       9 |       3 |  25.0
        D:7 |     214 |       0 |   0.0 |       8 |       0 |   0.0
        D:8 |    1589 |       0 |   0.0 |      32 |       0 |   0.0
        D:9 |     238 |       0 |   0.0 |       7 |       0 |   0.0
            +---------+---------+-------+---------+---------+-------
